 Dungeon Sprint DCSS version 0.25.1-2-g60ff931df9 (webtiles) character file.

Game seed: 5482614063709565961

3600000 Garessta the Conqueror (level 25, -58/304 HPs)
             Began as a Troll Warper on Oct 15, 2020.
             Was the Champion of Makhleb.
             Annihilated by a destroyer
             ... wielding a +9 vorpal great sword
              (206 damage)
             ... in the Dungeon (Sprint VIII: "Arena of Blood").
             The game lasted 00:05:43 (36 turns).

Garessta the Conqueror (Troll Warper)                 Turns: 36, Time: 00:05:44

Health: -58/304    AC:  8    Str: 34    XL:     25   Next: 81%
Magic:  23/53      EV: 22    Int:  9    God:    Makhleb [******]
Gold:   0          SH:  0    Dex:  9    Spells: 78/78 levels left

rFire    . . .     SeeInvis .   b - +∞ Axe of Woe
rCold    . . .     Gourm    +   (shield currently unavailable)
rNeg     . . .     Faith    .   a - +0 robe
rPois    .         Spirit   .   (helmet restricted)
rElec    .         Reflect  .   (no cloak)
rCorr    .         Harm     .   (gloves unavailable)
MR       +....     NoTele   +   (boots unavailable)
Stlth    +++++++++.             (no amulet)
HPRegen  1.00/turn              (no ring)
MPRegen  0.33/turn              (no ring)

@: no status effects
A: large, unfitting armour, claws 3, fast metabolism 3, gourmand, regeneration
1, shaggy fur 1, tough skin 3
a: Minor Destruction, Lesser Servant of Makhleb, Major Destruction, Greater
Servant of Makhleb, Renounce Religion


You were in the Dungeon.
You worshipped Makhleb.
Makhleb was exalted by your worship.
You were not hungry.

You visited 1 branch

Inventory:

Hand Weapons
 b - the +∞ Axe of Woe (weapon)
   (You found it in the Dungeon)
Missiles
 d - 5 boomerangs of dispersal (quivered)
Armour
 a - a +0 robe (worn)
Jewellery
 k - a +30 ring of slaying
Scrolls
 c - 2 scrolls of blinking
Potions
 e - a potion of curing
 g - a potion of heal wounds
 h - a potion of haste
 i - 2 potions of magic
 j - a potion of berserk rage
Comestibles
 f - 2 rations


   Skills:
 O Level 27 Fighting
 O Level 27 Axes
 O Level 27 Throwing
 O Level 27 Armour
 O Level 27 Dodging
 O Level 27 Stealth
 O Level 27 Unarmed Combat
 O Level 27 Spellcasting
   Level 2.1 Translocations
 O Level 27 Invocations


You had 78 spell levels left.
You didn't know any spells.
Your spell library contained the following spells:

 Spells                   Type           Power        Failure   Level  Hunger
 Blink                    Tloc           N/A          1%          2    None
 Shroud of Golubria       Chrm/Tloc      ##....       2%          2    None
 Gell's Gravitas          Tloc           ###.......   3%          3    None
 Lesser Beckoning         Tloc           ###.......   3%          3    None
 Teleport Other           Tloc           ###.....     3%          3    None
 Passage of Golubria      Tloc           N/A          11%         4    #......


Dungeon Overview and Level Annotations

Branches:
Dungeon (1/1)

Altars:
Makhleb


Innate Abilities, Weirdness & Mutations

You are too large for most types of armour.
You have claws for hands.
Your metabolism is lightning-fast.
You like to eat raw meat.
Your natural rate of healing is unusually fast.
You are covered in fur. (AC +1)
You have extremely tough skin. (AC +3)


Message History

The destroyer blinks!
You hear a shout!
The destroyer blinks!
You hear a shout! x2
A bag of meat comes into view.
It is wielding a +9 war axe. x2 2 orcs and an ogre come into view.
The destroyer appears out of thin air!
A destroyer comes into view. It is wielding a +9 vorpal great sword.
You hear a shout! x2
The eight-headed meat hydra calls on the powers of darkness!
The eight-headed meat hydra convulses!
The bag of meat convulses! x2
Your body is wracked with pain!
The bag of meat convulses!
The large bag of meat convulses!
Flame seeps out of the large bag of meat.
The large bag of meat convulses!
Flame seeps out of the large bag of meat.
You hear a shout!
The destroyer hits you with a +9 vorpal great sword!!!!!
Ouch! That really hurt!
You die...

..... .. .#.. ....#...
.# o ...#.... #... ..#
o. #......###... ..###.
.Vo............###......
.......#..V%...._......
.....#..O§.VV#.....#
#.....§§§..#_.<._#
...#.@§°§..#)....#.
.....%V#§§°).D.._......
.....%V§o§§)...###......
.§....o§)§###.......###.
..oo.%.§§☼. #.......#
.O.o........#.......#
.o.#o.......O...o....
.o#.#.#........o.....
.#.#.............o.


You could see an eight-headed meat hydra, 6 destroyers, 2 large bags of meat, a
meat berserker (berserk) and 11 bags of meat.

Vanquished Creatures
  5 vampire knights (D)
  12 ogres (D)
  3 two-headed ogres (D)
  25 orcs (D)
45 creatures vanquished.

Notes
Turn   | Place    | Note
-------+----------+-------------------------------------------
     0 | D        | Found the +∞ Axe of Woe
     0 | D        | Garessta the Troll Warper began the quest for the Orb.
     0 | D        | Reached XP level 1. HP: 19/19 MP: 1/1
     3 | D        | Became a worshipper of Makhleb the Destroyer
     3 | D        | Noticed a bag of meat
     3 | D        | Noticed a bag of meat
     5 | D        | Killed a bag of meat
     5 | D        | Reached XP level 2. HP: 59/59 MP: 2/2
     5 | D        | Reached XP level 3. HP: 67/67 MP: 3/3
     5 | D        | Reached XP level 4. HP: 76/76 MP: 4/4
     5 | D        | Reached XP level 5. HP: 85/85 MP: 5/5
     5 | D        | Reached XP level 6. HP: 94/94 MP: 6/6
     5 | D        | Reached XP level 7. HP: 102/102 MP: 7/7
     5 | D        | Reached XP level 8. HP: 111/111 MP: 8/8
     5 | D        | Reached XP level 9. HP: 119/119 MP: 9/9
     5 | D        | Reached XP level 10. HP: 130/130 MP: 10/10
     5 | D        | Reached XP level 11. HP: 137/137 MP: 11/11
     8 | D        | Noticed a bag of meat
     8 | D        | Noticed a meat berserker
     8 | D        | Noticed a meat berserker
     8 | D        | Noticed a bag of meat
     8 | D        | Noticed a bag of meat
     8 | D        | Noticed a bag of meat
     9 | D        | Noticed a bag of meat
     9 | D        | Noticed a bag of meat
     9 | D        | Noticed a large bag of meat
     9 | D        | Noticed a bag of meat
    10 | D        | Noticed a bag of meat
    10 | D        | Noticed a bag of meat
    10 | D        | Noticed a bag of meat
    11 | D        | Killed a meat berserker
    11 | D        | Reached * piety under Makhleb
    11 | D        | Reached XP level 12. HP: 158/158 MP: 12/12
    11 | D        | Reached XP level 13. HP: 167/167 MP: 13/13
    11 | D        | Noticed a bag of meat
    11 | D        | Noticed a bag of meat
    12 | D        | Killed a bag of meat
    12 | D        | Reached XP level 14. HP: 182/182 MP: 14/14
    12 | D        | Killed a bag of meat
    12 | D        | Killed a meat berserker
    12 | D        | Reached ** piety under Makhleb
    12 | D        | Reached XP level 15. HP: 201/201 MP: 15/15
    13 | D        | Noticed a meat berserker
    13 | D        | Noticed a meat berserker
    13 | D        | Noticed a meat berserker
    13 | D        | Noticed a destroyer
    13 | D        | Noticed a meat berserker
    14 | D        | Killed a meat berserker
    14 | D        | Reached skill level 27 in Fighting
    14 | D        | Reached XP level 16. HP: 217/217 MP: 16/16
    14 | D        | Noticed a meat berserker
    15 | D        | Reached skill level 27 in Axes
    15 | D        | Reached *** piety under Makhleb
    16 | D        | Killed a meat berserker
    16 | D        | Reached XP level 17. HP: 226/226 MP: 17/17
    16 | D        | Noticed a meat berserker
    17 | D        | Noticed a large bag of meat
    17 | D        | Noticed a meat berserker
    18 | D        | Noticed a meat berserker
    18 | D        | Killed a meat berserker
    18 | D        | Reached **** piety under Makhleb
    18 | D        | Reached skill level 27 in Dodging
    18 | D        | Reached XP level 18. HP: 217/236 MP: 18/18
    19 | D        | Noticed a destroyer
    19 | D        | Killed a destroyer
    20 | D        | Reached XP level 19. HP: 245/245 MP: 19/19
    20 | D        | Reached ***** piety under Makhleb
    20 | D        | Killed a meat berserker
    21 | D        | Killed a destroyer
    21 | D        | Reached XP level 20. HP: 256/256 MP: 20/20
    21 | D        | Reached skill level 27 in Stealth
    21 | D        | Killed a meat berserker
    22 | D        | Noticed a large bag of meat
    22 | D        | Killed a meat berserker
    22 | D        | Reached XP level 21. HP: 265/265 MP: 21/21
    22 | D        | Reached ****** piety under Makhleb
    22 | D        | Reached skill level 27 in Armour
    22 | D        | Reached skill level 15 in Throwing
    24 | D        | Reached XP level 22. HP: 275/275 MP: 21/35
    24 | D        | Noticed a destroyer
    26 | D        | Killed a large bag of meat
    26 | D        | Reached skill level 27 in Invocations
    27 | D        | Noticed a destroyer
    27 | D        | Noticed a large bag of meat
    28 | D        | Reached skill level 27 in Throwing
    28 | D        | Noticed a destroyer
    29 | D        | Reached skill level 10 in Unarmed Combat
    29 | D        | Reached XP level 23. HP: 284/284 MP: 22/39
    29 | D        | Noticed a large bag of meat
    30 | D        | Noticed a destroyer
    31 | D        | Reached skill level 15 in Spellcasting
    32 | D        | Noticed a destroyer
    32 | D        | Killed a destroyer
    32 | D        | Reached XP level 24. HP: 295/295 MP: 22/44
    32 | D        | Reached skill level 27 in Unarmed Combat
    32 | D        | Noticed a destroyer
    32 | D        | Noticed a destroyer
    32 | D        | Noticed a large bag of meat
    33 | D        | Killed a destroyer
    33 | D        | Reached skill level 27 in Spellcasting
    34 | D        | Killed a large bag of meat
    34 | D        | Reached XP level 25. HP: 304/304 MP: 23/53
    34 | D        | Noticed a destroyer
    35 | D        | Killed a destroyer
    35 | D        | Killed a large bag of meat
    36 | D        | Annihilated by a destroyer

Illustrated notes

Levels and vault maps discovered:
D:        meatsprint

Skill      XL: |  1  2  3  4  5  6  7  8  9 10 11 12 13 14 15 16 17 18 19 20 21 22 23 24 |
---------------+-------------------------------------------------------------------------+-----
Fighting       | 16 20 22 25 27 | 27.0
Axes           | 16 20 22 25 26 27 | 27.0
Dodging        | 7 22 27 | 27.0
Stealth        | 6 19 26 27 | 27.0
Armour         | 24 27 | 27.0
Throwing       | 15 27 | 27.0
Invocations    | 21 27 | 27.0
Unarmed Combat | 10 26 27 | 27.0
Spellcasting   | 6 18 27 | 27.0
Translocations | |  2.1

Action                   |  1- 3 |  4- 6 |  7- 9 | 10-12 | 13-15 | 16-18 | 19-21 | 22-24 | 25-27 || total
-------------------------+-------+-------+-------+-------+-------+-------+-------+-------+-------++-------
Melee: Executioner's axe |     1 |       |       |     1 |     2 |     5 |     4 |     8 |     1 ||    22
Armor: Robe              |       |       |       |       |       |       |       |       |     1 ||     1
